 Dungeon Crawl Stone Soup version 0.30-a0-1035-g38d5fb2972 (webtiles) character file.

Game seed: 14689621860798139971

1259 Aneyh the Fighter (level 8, -2/56 HPs)
             Began as a Tengu Fighter on Apr 6, 2023.
             Slain by Maggie
             ... wielding a +2 long sword of flaming
              (10 damage)
             ... on level 6 of the Dungeon on Apr 8, 2023.
             The game lasted 00:09:03 (5098 turns).

Aneyh the Fighter (Tengu Fighter)                   Turns: 5098, Time: 00:09:04

Health: -2/56      AC:  8    Str: 19    XL:     8   Next: 51%
Magic:  9/9        EV: 10    Int:  9    God:
Gold:   289        SH:  5    Dex: 15    Spells: 7/7 levels left

rFire   . . .      SeeInvis .    a - +1 trident
rCold   . . .      Faith    .    c - +0 buckler
rNeg    . . .      Spirit   .    b - +0 scale mail
rPois   .          Reflect  .    (helmet restricted)
rElec   .          Rampage  .    p - +0 cloak
rCorr   .                        (no gloves)
Will    .....                    (boots unavailable) Stlth
                                 w - amulet "Juetuadeatz" {Acrobat Dex+2}
HPRegen 0.29/turn                (no ring)
MPRegen 0.11/turn                (no ring)

@: flying quickly and evasively, mesmerised, quick
A: beak, talons 3, nimble flight
a: no special abilities


You were on level 6 of the Dungeon.
You visited 1 branch of the dungeon, and saw 6 of its levels.
You also visited: Sewer.

You collected 289 gold pieces.

Inventory:

Hand Weapons
 a - a +1 trident (weapon)
 v - a +0 short sword of flaming
 x - a +0 dagger of venom
 y - a +0 shortbow
Missiles
 z - 2 throwing nets (quivered)
Armour
 b - a +0 scale mail (worn)
 c - a +0 buckler (worn)
 p - a +0 cloak (worn)
Jewellery
 w - the amulet "Juetuadeatz" (around neck) {Acrobat Dex+2}
   (You found it on level 4 of the Dungeon)

   [amulet of the acrobat]

   It increases your evasion while moving and waiting.
   Dex:       It affects your dexterity (+2).
Wands
 A - a wand of paralysis (14)
Scrolls
 d - a scroll of poison {unknown}
 e - 2 scrolls of immolation
 f - 2 scrolls of amnesia
 k - 4 scrolls of blinking
 l - a scroll of magic mapping {unknown}
 n - 2 scrolls of teleportation {unknown}
 s - 2 scrolls of enchant armour {unknown}
 u - 2 scrolls of enchant weapon
Potions
 g - a potion of brilliance {unknown}
 h - a potion of ambrosia {unknown}
 i - a potion of magic {unknown}
 j - 2 potions of invisibility {unknown}
 m - 3 potions of heal wounds {unknown}
 o - 3 potions of lignification {unknown}
 q - a potion of degeneration {unknown}
 r - a potion of berserk rage {unknown}
 t - 3 potions of curing {unknown}
 B - a potion of attraction {unknown}


   Skills:
 * Level 9.5 Fighting
 - Level 5.0 Polearms
 - Level 3.3 Armour
 - Level 3.2 Shields


You had 7 spell levels left.
You didn't know any spells.
Your spell library contained the following spells:

 Spells                   Type           Power      Damage    Failure   Level
 Sandblast                Erth           0%         2d4       85%         1
 Passwall                 Tmut/Erth      0%         N/A       94%         2
 Gell's Gravitas          Tloc           0%         N/A       99%         3
 Stone Arrow              Conj/Erth      0%         3d7       99%         3
 Teleport Other           Tloc           0%         N/A       99%         3
 Dispersal                Tloc           0%         N/A       100%        6


Dungeon Overview and Level Annotations

Branches:
Dungeon (6/15)              Sewer (visited)
 Temple: D:4-7

Altars:
Cheibriados

Shops:
D:2 *(*(

Annotations:
D:6 Maggie


Innate Abilities, Weirdness & Mutations

You have a beak for a mouth.
You have claws for feet.
Your magical nature lets you fly swiftly and evasively.


Message History

Maggie hits you with a +2 long sword of flaming.
Maggie burns you.
You barely miss Maggie. Your kick misses Maggie.
Maggie is lightly wounded.
Maggie hits you with a +2 long sword of flaming.
Maggie burns you.
You hit Maggie.
Maggie is lightly wounded.
Maggie points at you and mumbles some strange words.
The bolt of fire hits you!
You are too injured to fight recklessly!
You are too injured to fight recklessly!
You are too injured to fight recklessly!
You barely miss Maggie. You claw Maggie. You peck Maggie, but do no damage.
Maggie is moderately wounded.
Maggie hits you with a +2 long sword of flaming.
Maggie burns you.
You hit Maggie. You claw Maggie.
Maggie is moderately wounded.
Maggie hits you with a +2 long sword of flaming!
* * * LOW HITPOINT WARNING * * *
Maggie burns you.
* * * LOW HITPOINT WARNING * * *
You puncture Maggie! You claw Maggie.
Maggie is heavily wounded.
Maggie casts a spell.
Maggie attempts to bespell you!
You are mesmerised by Maggie!
You closely miss Maggie. You claw Maggie.
Maggie is severely wounded.
Maggie barely misses you.
Maggie says, "How do the people who live here stand the isolation?"
Maggie hits you with a +2 long sword of flaming.
* * * LOW HITPOINT WARNING * * *
Maggie burns you.
* * * LOW HITPOINT WARNING * * *
You hit Maggie but do no damage. Your kick misses Maggie. You peck Maggie.
Maggie is severely wounded.
Maggie hits you with a +2 long sword of flaming!
You die...

..... .. ##### .... ..#
#...# ##... #...#...#
.... #...#...####..
#........#.#.#
+........#.#@###
..##............@.#
...#.......####.#.#
..#...#....'....#.#
..+...##...####.........+
..#...###..†..#...#.#..$#
..#...##..........#.# .#
..#...##.<........+ #
..#...##..........#
............###...#


You could see Maggie (mesmerising).

Vanquished Creatures
  Grinder (D:5)
  An ogre (D:5)
  A centaur (D:5)
  A gnoll sergeant (D:5)
  A scorpion (D:5)
  A howler monkey (D:6)
  A jelly (D:5)
  A hound (D:6)
  A gnoll bouda (D:5)
  4 orc priests
  2 iguanas
  3 orc wizards
  A mummy (D:5)
  14 gnolls
  3 river rats (Sewer)
  6 adders
  A white imp (D:5)
  An ufetubus (D:4)
  3 worms
  5 dart slugs
  33 orcs
  5 ball pythons
  7 endoplasms
  6 giant cockroaches
  6 goblins
  7 hobgoblins
  2 jackals (D:4)
  3 quokkas
  7 bats
  9 frilled lizards
  9 kobolds
  12 rats
158 creatures vanquished.

Vanquished Creatures (others)
  17 plants (D:5)
17 creatures vanquished.

Grand Total: 175 creatures vanquished

Notes
Turn   | Place    | Note
-------+----------+-------------------------------------------
     0 | D:1      | Aneyh the Tengu Fighter began the quest for the Orb.
     0 | D:1      | Reached XP level 1. HP: 14/14 MP: 2/2
    67 | D:1      | Reached XP level 2. HP: 19/19 MP: 3/3
    67 | D:1      | Upgraded the game from 0.30-a0-1016-gfb0d676c02 to
                  | 0.30-a0-1035-g38d5fb2972
   515 | D:2      | Reached XP level 3. HP: 24/24 MP: 4/4
   764 | D:2      | Found Udix's Antique Weapon Shoppe.
   836 | D:2      | Found Xolaon's Weapon Boutique.
   872 | D:2      | Found Jeucs's General Store.
  1060 | D:2      | Found Qoalo's General Store.
  1168 | D:3      | Reached skill level 4 in Fighting
  1176 | D:3      | Reached XP level 4. HP: 9/29 MP: 5/5
  1516 | D:3      | Gained mutation: Your magical nature lets you fly swiftly
                  | and evasively. [Tengu growth]
  1516 | D:3      | Reached XP level 5. HP: 16/34 MP: 6/6
  1618 | D:3      | Found a glowing drain.
  1633 | Sewer    | Entered a sewer
  1877 | Sewer    | Reached XP level 6. HP: 40/40 MP: 7/7
  1891 | Sewer    | Reached skill level 5 in Polearms
  2101 | D:3      | Reached skill level 5 in Fighting
  2715 | D:4      | Reached skill level 6 in Fighting
  2877 | D:4      | Reached XP level 7. HP: 18/46 MP: 8/8
  3208 | D:4      | Identified the amulet "Juetuadeatz" {Acrobat Dex+2}
  3605 | D:5      | Entered Level 5 of the Dungeon
  3607 | D:5      | Noticed Grinder
  3870 | D:5      | Reached skill level 7 in Fighting
  4269 | D:5      | Reached skill level 8 in Fighting
  4474 | D:5      | Reached XP level 8. HP: 40/54 MP: 9/9
  4666 | D:5      | Found a snail-covered altar of Cheibriados.
  4680 | D:5      | Killed Grinder
  4681 | D:5      | Reached skill level 9 in Fighting
  5083 | D:6      | Noticed Maggie
  5098 | D:6      | Slain by Maggie

Illustrated notes

Levels and vault maps discovered:
D:1:      mrwooster_arrival_statue_3, layout_basic, dk_noncrumbling_4
D:2:      layout_loops_cross, serial_shops, nicolae_diamond_shop,
          nicolae_shop_hallway_plus, shop, shop, st_stairs_9,
          mrwooster_statue_mirror, minmay_pentomino_o2
D:3:      layout_basic, portal_sewer_entry_f
D:4:      layout_loops_corners
D:5:      layout_cave_pools, slow_altar_1, serial_bayou_lake_a, uniq_grinder
D:6:      layout_basic, serial_shops, shop, uniq_duvessa, uniq_maggie,
          uniq_prince_ribbit1

Skill      XL: |  1  2  3  4  5  6  7  8 |
---------------+-------------------------+-----
Fighting       | 4 6 8 9 |  9.5
Polearms       | 3 4 5 |  5.0
Armour         | |  3.3
Shields        | |  3.2

Action                     |  1- 3 |  4- 6 |  7- 9 || total
---------------------------+-------+-------+-------++-------
  Melee: Trident           |    95 |   191 |   159 ||   445
         Kick              |    15 |    44 |    40 ||    99
         Peck              |     7 |    19 |    15 ||    41
  Throw: Throwing net      |       |       |     2 ||     2
    Use: Scroll            |     3 |     3 |       ||     6
         Potion            |       |     1 |       ||     1
 Armour: Scale mail        |    33 |    39 |    28 ||   100
  Dodge: Dodged            |    27 |    56 |    66 ||   149
  Block: Buckler           |    19 |    31 |    24 ||    74

Table legend: (Time is in decaauts)
 A = Elapsed time spent in this place.
 B = Non-inter-level travel time spent in this place.
 C = Inter-level travel time spent in this place.
 D = Time resting spent in this place.
 E = Time spent auto-exploring this place.
 F = Levels seen in this place.
 G = Mean time per level.
                   A        B        C        D        E       F      G
               +--------+--------+--------+--------+--------+-----+--------+
         Total |   4953 |   4753 |    200 |   1078 |   2559 |   7 |  707.6 |
       Dungeon |   4527 |   4327 |    200 |    996 |   2351 |   6 |  754.5 |
         Sewer |    425 |    425 |      0 |     82 |    208 |   1 |  425.0 |
               +--------+--------+--------+--------+--------+-----+--------+

Top non-repeatable levels by time:
     D:4: 1464 daAuts
     D:5: 983 daAuts
     D:2: 865 daAuts
     D:3: 584 daAuts
     D:1: 501 daAuts
   Sewer: 425 daAuts
     D:6: 128 daAuts
